 Dungeon Crawl Stone Soup version 0.26-a0-850-g97a50ab700 (webtiles) character file.

Game seed: 17377990158185261768

63 dolemite99 the Conjurer (level 3, -1/27 HPs)
             Began as a Palentonga Hedge Wizard on Nov 21, 2020.
             Was a Follower of the Shining One.
             Slain by an orc priest
             ... wielding a +0 mace
              (7 damage)
             ... on level 2 of the Dungeon.
             The game lasted 00:03:19 (3139 turns).

dolemite99 the Conjurer (Palentonga Hedge Wizard)   Turns: 3139, Time: 00:03:20

Health: -1/27      AC:  6    Str: 13    XL:     3   Next: 87%
Magic:  7/7        EV:  7    Int: 15    God:    the Shining One [*.....]
Gold:   230        SH:  0    Dex:  9    Spells: 5/8 levels left

rFire    . . .     SeeInvis +   h - +0 hand axe
rCold    . . .     Faith    .   (no shield)
rNeg     . . .     Spirit   .   l - +0 scale mail
rPois    .         Reflect  .   c - +0 hat
rElec    .         Harm     .   (no cloak)
rCorr    .         Rampage  .   (no gloves)
MR       .....                  (no barding)
Stlth    ..........             (no amulet)
HPRegen  0.09/turn              (no ring)
MPRegen  0.10/turn              (no ring)

@: glowing
A: large, rugged brown scales 3, see invisible, deformed body, roll 1, armoured
tail
a: Rolling Charge, Renounce Religion


You were on level 2 of the Dungeon.
You worshipped the Shining One.
The Shining One was aware of your devotion.
You visited 1 branch of the dungeon, and saw 3 of its levels.

You collected 230 gold pieces.

Inventory:

Hand Weapons
 a - a +0 dagger
 d - a +0 whip
 e - a +0 spear
 h - a +0 hand axe (weapon)
 i - a +0 short sword
Missiles
 f - 52 stones (quivered)
 g - 45 arrows
 o - 19 bolts
Armour
 b - a +0 robe
 c - a +0 hat (worn)
 l - a +0 scale mail (worn)
 s - a +0 ring mail
 v - a +0 chain mail
Scrolls
 j - 5 scrolls of identify {unknown}
 k - a scroll of fog {unknown}
 m - a scroll of remove curse {unknown}
 p - 2 scrolls of teleportation {unknown}
Potions
 n - a potion of magic {unknown}
 q - 2 potions of ambrosia {unknown}
 r - a potion of heal wounds {unknown}
 t - a potion of curing {unknown}
 u - a potion of resistance {unknown}


   Skills:
 - Level 1.5 Dodging
 - Level 1.2 Stealth
 - Level 3.0 Spellcasting
 + Level 3.4 Conjurations
 - Level 0.7 Summonings
 - Level 1.0 Translocations


You had 5 spell levels left.
You knew the following spells:

 Your Spells              Type           Power        Failure   Level
a - Magic Dart            Conj           ##..         24%         1
b - Blink                 Tloc           N/A          69%         2

Your spell library contained the following spells:

 Spells                   Type           Power        Failure   Level
 Call Imp                 Summ           #.......     75%         2
 Slow                     Hex            #.......     83%         2
 Conjure Flame            Conj/Fire      #.......     83%         3
 Mephitic Cloud           Conj/Pois/Air  #.......     88%         3


Dungeon Overview and Level Annotations

Branches:
Dungeon (3/15)

Altars:
Dithmenos
The Shining One


Innate Abilities, Weirdness & Mutations

You are completely covered in rugged brown scales. (AC +3, +7% HP)
You have supernaturally acute eyesight. (SInv)
Armour fits poorly on your strangely shaped body.
You can roll at nearby foes to attack.
You have a long armoured tail.


Message History

You tail-slap the orc priest!
The orc priest is almost dead.
You hit the leopard gecko.
You kill the leopard gecko!
The orc priest barely misses you.
You hit the orc priest but do no damage.
The orc priest is almost dead.
The orc priest closely misses you.
You hit the orc priest but do no damage.
The orc priest is almost dead.
The orc priest hits you but does no damage.
You hit the orc priest but do no damage.
Your tail-slap misses the orc priest.
The orc priest is almost dead.
The orc priest hits you with a +0 mace.
* * * LOW HITPOINT WARNING * * *
You barely miss the orc priest.
The orc priest is almost dead.
The orc priest hits you with a +0 mace!
You die...

..# ##### #..##.#
#...##.## ..# #...#'#####
#..##...# ..#
#.........###.####.### ..#
###..........##....#.##.
###
#............##......##. #
#............##....####. #
#............####.......
## #.......)....# #.######
.# #......@o....# #.#.....
## ###......†.....#
#.#..### #
#..........########'#.....
######
#..........#..........####
.#...#
#...########..............
##...# #...#
#...........### #....#
#...# #...........# .....#
#...# #...........###
.....# #####
#.......<...#..


You could see an orc priest.

Vanquished Creatures
  An adder (D:2)
  A dart slug (D:1)
  4 leopard geckos
  An orc (D:2)
  4 giant cockroaches
  4 goblins
  3 hobgoblins
  6 jackals
  A quokka (D:2)
  4 bats
  2 frilled lizards (D:1)
  8 kobolds
  5 rats
44 creatures vanquished.

Vanquished Creatures (others)
  2 fungi (D:1)
  4 toadstools (D:1)
6 creatures vanquished.

Grand Total: 50 creatures vanquished

Notes
Turn   | Place    | Note
-------+----------+-------------------------------------------
     0 | D:1      | dolemite99 the Palentonga Hedge Wizard began the quest for
                  | the Orb.
     0 | D:1      | Reached XP level 1. HP: 14/14 MP: 4/4
    26 | D:1      | Reached skill level 1 in Conjurations
   294 | D:1      | Reached XP level 2. HP: 21/21 MP: 0/6
  1019 | D:1      | Reached XP level 3. HP: 20/27 MP: 0/7
  1572 | D:1      | Learned a level 2 spell: Blink
  2695 | D:2      | Found a faded altar of an unknown god.
  2697 | D:2      | Became a worshipper of the Shining One
  2697 | D:2      | Reached * piety under the Shining One
  2770 | D:2      | Found a shadowy altar of Dithmenos.
  3139 | D:2      | Slain by an orc priest

Illustrated notes

Levels and vault maps discovered:
D:1:      wander_arrival_abandoned_jail, layout_rooms, minmay_gold_behind_fungi
D:2:      layout_basic, overflow_temple_1_default,
          chequers_ecumenical_altar_twisty, nrook_loot_triangle
D:3:      layout_rooms, makhleb_heckhound_becter, uniq_robin

Skill      XL: |  1  2  3 |
---------------+----------+-----
Conjurations   | 1 2 3 |  3.4
Dodging        | |  1.5
Stealth        | |  1.2
Spellcasting   | |  3.0
Summonings     | |  0.7
Translocations | |  1.0

Action                   || total
-------------------------++-------
Melee: Spear             ||    62
       Tailslap          ||     5
       Hand axe          ||    10
Throw: Stone             ||    13
 Cast: Magic Dart        ||    77
  Use: Scroll            ||     1
Armor: Robe              ||    45
       Scale mail        ||     8
Dodge: Dodged            ||    76

Table legend: (Time is in decaauts)
 A = Elapsed time spent in this place.
 B = Non-inter-level travel time spent in this place.
 C = Inter-level travel time spent in this place.
 D = Time resting spent in this place.
 E = Time spent auto-exploring this place.
 F = Levels seen in this place.
 G = Mean time per level.
                   A        B        C        D        E       F      G
               +--------+--------+--------+--------+--------+-----+--------+
         Total |   3148 |   3087 |     61 |   1322 |   1244 |   3 | 1049.3 |
       Dungeon |   3148 |   3087 |     61 |   1322 |   1244 |   3 | 1049.3 |
               +--------+--------+--------+--------+--------+-----+--------+

Top non-repeatable levels by time:
     D:1: 1587 daAuts
     D:2: 1551 daAuts
     D:3: 9 daAuts
